 Dungeon Crawl Stone Soup version 0.21-a0-633-g4c047d5 (webtiles) character file.

26 VirginKiller the Changer (level 2, -3/22 HPs)
             Began as a Demigod Transmuter on Dec 28, 2017.
             Slain by an adder (5 damage)
             ... on level 2 of the Dungeon.
             The game lasted 00:03:59 (335 turns).

VirginKiller the Changer (Demigod Transmuter)        Turns: 335, Time: 00:03:59

Health: -3/22      AC:  2    Str: 13    XL:     2   Next: 69%
Magic:  6/7        EV: 12    Int: 17    God:
Gold:   11         SH:  0    Dex: 16    Spells: 3/4 levels left

rFire    . . .     SeeInvis .     - Unarmed
rCold    . . .     Gourm    .   (no shield)
rNeg     . . .     Faith    .   b - +0 robe
rPois    .         Spirit   .   (no helmet)
rElec    .         Reflect  .   (no cloak)
rCorr    .         Harm     .   (no gloves)
MR       .....                  (boots currently unavailable)
Stlth    +.........             (no amulet)
HPRegen  0.07/turn              (no ring)
MPRegen  0.10/turn              (no ring)

@: appendage
A: talons 3, high mp 1
a: End Transformation


You were on level 2 of the Dungeon.
You were not hungry.
You had grown temporary talons.
You visited 1 branch of the dungeon, and saw 2 of its levels.

You collected 11 gold pieces.

Inventory:

Missiles
 a - 12 arrows
Armour
 b - a +0 robe (worn)
Potions
 e - a potion of mutation {unknown}
Books
 c - a book of Changes

   Spells                             Type                      Level
   a - Beastly Appendage              Transmutation                1
   b - Sticks to Snakes               Transmutation                2
   c - Spider Form                    Transmutation/Poison         3
   d - Ice Form                       Ice/Transmutation            4
   e - Blade Hands                    Transmutation                5
Comestibles
 d - a ration
 f - 5 chunks of flesh


   Skills:
 - Level 0.8 Fighting
 - Level 1.7 Dodging
 - Level 2.6 Unarmed Combat
 - Level 1.7 Spellcasting
 * Level 3.1 Transmutations


You had 3 spell levels left.
You knew the following spells:

 Your Spells              Type           Power        Failure   Level  Hunger
a - Beastly Appendage     Tmut           ##....       5%          1    #......


Dungeon Overview and Level Annotations

Branches:
Dungeon (1/15)


Innate Abilities, Weirdness & Mutations

You have an increased reservoir of magic. (+10% MP)
You have claws for feet.


Message History

Your talons disappear.
The rat bites you.
* * * LOW HITPOINT WARNING * * *
You hit the rat.
The rat is heavily wounded.
The rat closely misses you.
Casting: Beastly Appendage
Confirm with . or Enter, or press ? or * to list all spells.
Your feet morph into talons.
The rat bites you but does no damage.
Unknown command.
You closely miss the rat.
The rat is heavily wounded.
The rat bites you.
* * * LOW HITPOINT WARNING * * *
You hit the rat.
You kill the rat!
An adder comes into view.
The adder hisses angrily.
The adder bites you.
You die...

# . #. #.# # ...
.# #.###.#
#.S...# #@# #.#
#.# #.# #.# #.##
.#.###..#######
.........).....#
.........#####.#


You could see an adder.

Vanquished Creatures
  An ooze (D:1)
  A dart slug (D:1)
  2 leopard geckos (D:1)
  2 goblins
  3 hobgoblins
  A bat (D:1)
  2 frilled lizards (D:1)
  3 kobolds (D:1)
  3 rats
18 creatures vanquished.

Notes
Turn   | Place    | Note
-------+----------+-------------------------------------------
     0 | D:1      | VirginKiller the Demigod Transmuter began the quest for the Orb.
     0 | D:1      | Reached XP level 1. HP: 15/15 MP: 5/5
    75 | D:1      | Reached skill level 2 in Transmutations
   148 | D:1      | Reached XP level 2. HP: 10/22 MP: 5/7
   264 | D:1      | Reached skill level 3 in Transmutations
   291 | D:1      | You fall through a shaft!
   335 | D:2      | Slain by an adder

Vault maps used:
D:1:      scummos_arrival_forest
D:2:      nemelex_lonely_heart_becter

Skill      XL: |  1  2 |
---------------+-------+-----
Transmutations | 2 3 |  3.1
Fighting       | |  0.8
Dodging        | |  1.7
Unarmed Combat | |  2.6
Spellcasting   | |  1.7

Action                   || total
-------------------------++-------
Melee: Unarmed           ||    56
       Kick              ||     8
       Headbutt          ||     3
 Cast: Beastly Appendage ||    15
Armor: Robe              ||    10
Dodge: Dodged            ||    26

Table legend:
 A = Spawn XP
 B = Non-spawn XP
 C = Spawn XP percentage of total XP
 D = Spawn monster count
 E = Non-spawn monster count
 F = Spawn count percentage of total count
 G = Total turns spent on level
                    A         B        C        D         E        F      G
               +---------+---------+-------+---------+---------+-------+---------
         Total |       0 |      38 |   0.0 |       0 |      18 |   0.0 |   335
               +---------+---------+-------+---------+---------+-------+---------
           D:1 |       0 |      33 |   0.0 |       0 |      15 |   0.0 |   291
           D:2 |       0 |       5 |   0.0 |       0 |       3 |   0.0 |    44
               +---------+---------+-------+---------+---------+-------+---------
